[Event "Titled Tuesday Blitz August 09 Late 2022"]
[White "Jeet, Jain"]
[Black "Yurasova, Daria"]
[WhiteFideId "5073022"]
[BlackFideId "34146919"]
[WhiteElo "2055"]
[BlackElo "2021"]
[Result "1-0"]
[Round "11"]
[TimeControl "180+1"]
[Date "2022.08.09"]
[WhiteClock "0:00:23"]
[BlackClock "0:00:01"]

1. b4 d5 2. Bb2 Bf5 3. e3 e6 4. Nf3 Nf6 5. a3 c6 6. c4 Nbd7 7. Nc3 Bg6 8. Be2 Be7 9. O-O O-O 10. Nh4 Re8 11. Nxg6 hxg6 12. Qc2 Rc8 13. Rfd1 Qc7 14. Rac1 Qb8 15. Qb3 Nb6 16. d3 Red8 17. h3 Bf8 18. c5 Nbd7 19. a4 a5 20. d4 axb4 21. Qxb4 b6 22. Ba6 bxc5 23. Qa5 Qxb2 24. Bxc8 Rxc8 25. Rb1 Qa3 26. Rb7 cxd4 27. exd4 Qd6 28. Rdb1 Qf4 29. Qa7 Rd8 30. a5 c5 31. Nb5 cxd4 32. Qxd4 Qf5 33. Nc3 Bc5 34. Qd2 Ne5 35. Na4 Nc4 36. Qa2 Bd4 37. R1b3 Ne5 38. Nc3 Ne4 39. Nxe4 dxe4 40. a6 Nc4 41. a7 e3 42. fxe3 Nxe3 43. Qf2 Ng4 44. Qxd4 1-0


[Site "https://www.chess.com"]

[Event "Titled Tuesday Blitz August 09 Late 2022"]
[White "Kamsky, Gata"]
[Black "Bilych, Olexiy"]
[WhiteFideId "2000024"]
[BlackFideId "14156504"]
[WhiteElo "2666"]
[BlackElo "2157"]
[Result "1-0"]
[Round "11"]
[TimeControl "180+1"]
[Date "2022.08.09"]
[WhiteClock "0:00:21"]
[BlackClock "0:00:03"]

1. d4 Nf6 2. Nf3 d5 3. Bf4 e6 4. e3 Bd6 5. Nbd2 O-O 6. c3 c5 7. dxc5 Bxc5 8. Bd3 Qe7 9. O-O Nc6 10. e4 h6 11. Re1 d4 12. cxd4 Nxd4 13. e5 Nd5 14. Bg3 Bd7 15. Bh4 Qe8 16. Ne4 Be7 17. Nf6+ Bxf6 18. exf6 Nxf3+ 19. Qxf3 g6 20. Bg3 Bc6 21. Be5 Kh7 22. Qh3 Rh8 23. Re4 Kg8 24. Rg4 Rd8 25. Qg3 Kh7 26. a3 Bb5 27. Be4 Bc6 28. h4 Nb6 29. Bd3 Rxd3 30. Qxd3 Qd7 31. Qxd7 Bxd7 32. Rc1 Bc6 33. h5 g5 34. f4 Rg8 35. fxg5 Rxg5 36. Rxg5 hxg5 37. Kf2 Nd5 38. g4 Kh6 39. b4 a6 40. Rc5 Kh7 41. Bd6 Kg8 42. Be5 Kh7 43. Kg3 Kh6 44. Bb2 Kh7 45. Bc1 Nxf6 46. Rxc6 bxc6 47. Bxg5 Ne4+ 48. Kf4 Nd6 49. a4 Nc4 50. Ke4 Nb2 51. a5 Nc4 52. Kd4 Nd6 53. Bf4 Nb5+ 54. Kc5 Nc3 55. Kxc6 Nd5 56. Bd2 Nf6 57. b5 axb5 58. a6 1-0


[Site "https://www.chess.com"]

[Event "Titled Tuesday Blitz August 09 Late 2022"]
[White "Kosteniuk, Alexandra"]
[Black "Ibarra Jerez, Jose Carlos"]
[WhiteFideId "4128125"]
[BlackFideId "2226332"]
[WhiteElo "2469"]
[BlackElo "2628"]
[Result "1/2-1/2"]
[Round "11"]
[TimeControl "180+1"]
[Date "2022.08.09"]
[WhiteClock "0:00:05"]
[BlackClock "0:00:05"]

1. e4 c5 2. c3 Nf6 3. e5 Nd5 4. Nf3 Nc6 5. d4 cxd4 6. cxd4 d6 7. Bc4 dxe5 8. Bxd5 Qxd5 9. Nc3 Qd6 10. d5 Nd4 11. Nxd4 exd4 12. Qxd4 e5 13. Qd3 f5 14. O-O Bd7 15. Re1 Kf7 16. Be3 a6 17. Rac1 Be7 18. Ne2 Rac8 19. h3 Bf6 20. f4 e4 21. Qd2 Bb5 22. g4 Bxe2 23. Rxe2 Rhd8 24. Rxc8 Rxc8 25. Re1 g6 26. Rd1 Rc4 27. Qe2 Rb4 28. b3 Qd7 29. d6 Rb5 30. g5 Bd8 31. Qc4+ Qe6 32. Qc3 Rd5 33. Rxd5 Qxd5 34. Kf2 Qxd6 35. Qh8 Be7 36. Qxh7+ Ke8 37. Qg8+ Kd7 38. Qc4 Qd1 39. Qe2 Qh1 40. Qd2+ Ke8 41. Qd4 Qf3+ 42. Kg1 Qg3+ 43. Kf1 Qxh3+ 44. Kf2 Qf3+ 45. Kg1 Kf7 46. Qd5+ Kf8 47. Qd4 Qg3+ 48. Kf1 Qh3+ 49. Kg1 Qg4+ 50. Kf2 Qf3+ 51. Kg1 Qe2 52. a4 Qd3 53. Qh8+ Kf7 54. Qh7+ Ke8 55. Qxg6+ Kd8 56. Qg8+ Kd7 57. Kf2 Qd1 58. Ba7 Qf3+ 59. Kg1 Qg3+ 60. Kf1 Qxf4+ 61. Ke2 Qf3+ 62. Kd2 Qd3+ 63. Ke1 Bb4+ 64. Kf2 Qf3+ 65. Kg1 Qg4+ 66. Kf1 Qf3+ 67. Kg1 Bd6 68. Qf7+ Kc6 69. Qc4+ Kd7 70. Qf7+ Be7 71. Qd5+ Kc7 72. Qc4+ Kd8 73. Qd5+ Ke8 74. Qg8+ Bf8 75. Qe6+ Be7 76. Qg8+ Kd7 77. Qd5+ Bd6 78. Qf7+ 1/2-1/2


[Site "https://www.chess.com"]

[Event "Titled Tuesday Blitz August 09 Late 2022"]
[White "Kravtsiv, Martyn"]
[Black "Pinheiro, Iung Alicio de O."]
[WhiteFideId "14113147"]
[BlackFideId "2104350"]
[WhiteElo "2694"]
[BlackElo "2283"]
[Result "0-1"]
[Round "11"]
[TimeControl "180+1"]
[Date "2022.08.09"]
[WhiteClock "0:00:18"]
[BlackClock "0:00:27"]

1. e4 c5 2. Nf3 Nc6 3. d4 cxd4 4. Nxd4 e5 5. Nb5 d6 6. N1c3 a6 7. Na3 b5 8. Nd5 Nge7 9. c4 Nxd5 10. exd5 Nd4 11. cxb5 Bd7 12. bxa6 Qa5+ 13. Bd2 Qxd5 14. f3 Be7 15. Bc4 Bh4+ 16. Kf1 Qc6 17. Rc1 Qb6 18. Be3 O-O 19. Bxd4 exd4 20. Qb3 Qa5 21. Qd3 Bf5 22. Qxd4 Bf6 23. Qf2 Qb4 24. Nb5 d5 25. Be2 Qxb2 26. Re1 Rxa6 27. g4 Bd7 28. Nc7 Rd6 29. Qc5 Rc6 30. Qa7 Bd4 31. Qa5 Bc3 32. Qxd5 Rxc7 0-1


[Site "https://www.chess.com"]

[Event "Titled Tuesday Blitz August 09 Late 2022"]
[White "Leiva, Gianmarco"]
[Black "Ekdyshman, Mikhail"]
[WhiteFideId "3804399"]
[BlackFideId "4149416"]
[WhiteElo "2323"]
[BlackElo "2146"]
[Result "0-1"]
[Round "11"]
[TimeControl "180+1"]
[Date "2022.08.09"]
[WhiteClock "0:00:04"]
[BlackClock "0:00:06"]

1. e4 c5 2. Nf3 g6 3. c3 Bg7 4. d4 cxd4 5. cxd4 d5 6. e5 Nc6 7. Bb5 Bg4 8. Bxc6+ bxc6 9. Nbd2 Nh6 10. h3 Bf5 11. O-O O-O 12. Nb3 Qc8 13. Bg5 f6 14. exf6 exf6 15. Bf4 g5 16. Bg3 g4 17. hxg4 Bxg4 18. Qd3 Bf5 19. Qc3 Be4 20. Rac1 Nf5 21. Qxc6 Nxg3 22. fxg3 Bh6 23. Qxc8 Be3+ 24. Kh2 Raxc8 25. Rxc8 Rxc8 26. Re1 Bh6 27. Nc5 f5 28. Ne5 Bg7 29. b4 Bxe5 30. dxe5 Re8 31. Re3 Rxe5 32. Ra3 Re7 33. Ra6 Kf7 34. Rh6 Ke8 35. Kg1 Kd8 36. Rc6 Ke8 37. Rd6 Kf7 38. Kf2 Ke8 39. a4 Rg7 40. b5 Re7 41. Rc6 d4 42. Rd6 Re5 43. Na6 d3 44. Nb4 Rc5 45. Ke3 Rc4 46. Nxd3 Rxa4 47. Nc5 Ra3+ 48. Kf4 Ra5 49. Ne6 Ke7 50. Ra6 Rxa6 51. bxa6 Kxe6 52. Kg5 Ke5 53. Kh6 f4 54. gxf4+ Kxf4 55. g4 Bd3 56. g5 Kg4 57. g6 hxg6 58. Kg7 Kg5 59. Kf7 Bxa6 60. Ke7 Bd3 0-1


[Site "https://www.chess.com"]

[Event "Titled Tuesday Blitz August 09 Late 2022"]
[White "Lobanov, Sergei"]
[Black "Sarana, Alexey"]
[WhiteFideId "24183750"]
[BlackFideId "24133795"]
[WhiteElo "2524"]
[BlackElo "2666"]
[Result "1-0"]
[Round "11"]
[TimeControl "180+1"]
[Date "2022.08.09"]
[WhiteClock "0:00:18"]
[BlackClock "0:00:07"]

1. e4 c5 2. Nf3 d6 3. Nc3 Nf6 4. g3 g6 5. Bg2 Bg7 6. O-O Nc6 7. d4 cxd4 8. Nxd4 Bd7 9. h3 O-O 10. Be3 Ne5 11. b3 Rc8 12. Nd5 Nc6 13. c4 e6 14. Nxf6+ Qxf6 15. Nxc6 Bxc6 16. Qxd6 Rfd8 17. Qa3 a6 18. Rad1 h5 19. h4 Qc3 20. Qc1 Qa5 21. Qc2 b5 22. c5 b4 23. Rxd8+ Rxd8 24. Rd1 Rc8 25. Bd4 Bxd4 26. Rxd4 Be8 27. Qd2 Rb8 28. Rc4 Rd8 29. Rd4 Rb8 30. Qg5 Rc8 31. e5 Qc7 32. g4 hxg4 33. h5 a5 34. Qf6 gxh5 35. Qg5+ Kf8 36. Qxh5 f5 37. Qh8+ Kf7 38. Qf6+ Kg8 39. Qxe6+ Bf7 40. Qxf5 Qxc5 41. Rxg4+ Kf8 42. Rf4 Rc7 43. e6 Qd6 44. exf7 a4 45. Qg5 1-0


[Site "https://www.chess.com"]

[Event "Titled Tuesday Blitz August 09 Late 2022"]
[White "Mahdavi, Reza"]
[Black "Yanchenko, Roman"]
[WhiteFideId "12595926"]
[BlackFideId "4137329"]
[WhiteElo "2226"]
[BlackElo "2514"]
[Result "0-1"]
[Round "11"]
[TimeControl "180+1"]
[Date "2022.08.09"]
[WhiteClock "0:00:30"]
[BlackClock "0:00:10"]

1. e4 e6 2. d4 d5 3. exd5 exd5 4. Nf3 Nf6 5. Bd3 c5 6. O-O c4 7. Re1+ Be7 8. Bf1 O-O 9. b3 cxb3 10. axb3 Nc6 11. c4 Bf5 12. Nc3 Bb4 13. Bb2 Bg4 14. h3 Bxf3 15. Qxf3 Nxd4 16. Qd1 dxc4 17. Bxc4 Nc6 18. Qf3 Qd4 19. Rad1 Qh4 20. Ne4 Bxe1 21. Nxf6+ gxf6 22. Rxe1 Ne5 23. Bxe5 fxe5 24. Rxe5 Rad8 25. Rh5 Qd4 26. Qf5 Qd1+ 27. Kh2 Qd6+ 28. g3 h6 29. Rh4 Kh8 30. Qg5 Kh7 31. Bd3+ f5 32. Bxf5+ Rxf5 33. Qxf5+ Kh8 34. Qg5 Kh7 35. Rxh6+ Qxh6 36. Qxd8 Qc6 37. Qe7+ Kg6 38. h4 Qf3 39. Kg1 Qd1+ 40. Kg2 Qd5+ 41. Kh2 Qf3 42. Qe1 Qxb3 43. Qe4+ Kf7 44. h5 a5 45. Qg6+ Kf8 46. h6 Qf7 47. Qc2 Kg8 48. f3 Qh5+ 49. Kg2 Qxh6 50. Qc8+ Qf8 51. Qxb7 Qb4 52. Qd5+ Kf8 53. f4 a4 54. Qf5+ Ke8 55. Qe5+ Kd8 56. f5 a3 57. f6 Qb2+ 58. Qxb2 axb2 59. f7 Ke7 60. f8=Q+ Kxf8 0-1


[Site "https://www.chess.com"]

[Event "Titled Tuesday Blitz August 09 Late 2022"]
[White "Maksimovic, Bojan"]
[Black "Golubev, Mikhail"]
[WhiteFideId "14408120"]
[BlackFideId "14100983"]
[WhiteElo "2447"]
[BlackElo "2374"]
[Result "1-0"]
[Round "11"]
[TimeControl "180+1"]
[Date "2022.08.09"]
[WhiteClock "0:01:53"]
[BlackClock "0:00:02"]

1. e4 c5 2. Nf3 d6 3. Bb5+ Bd7 4. a4 Nc6 5. O-O Nf6 6. Nc3 e5 7. d3 Be7 8. Bg5 O-O 9. Bxf6 Bxf6 10. Nd5 Bg4 11. h3 Bxf3 12. Qxf3 Nd4 13. Qd1 Bg5 14. c3 Nc6 15. g3 g6 16. h4 Bh6 17. Kg2 f5 18. h5 Kg7 19. hxg6 hxg6 20. exf5 gxf5 21. Rh1 Rc8 22. Qh5 Qg5 23. Qxg5+ Bxg5 24. Rh5 Kg6 25. Rah1 f4 26. gxf4 exf4 27. d4 f3+ 28. Kg3 Rg8 29. Rh7 1-0


[Site "https://www.chess.com"]

[Event "Titled Tuesday Blitz August 09 Late 2022"]
[White "Manukian, Artak"]
[Black "Korchmar, Vasiliy"]
[WhiteFideId "13301373"]
[BlackFideId "24131750"]
[WhiteElo "2453"]
[BlackElo "2370"]
[Result "0-1"]
[Round "11"]
[TimeControl "180+1"]
[Date "2022.08.09"]
[WhiteClock "0:00:03"]
[BlackClock "0:01:22"]

1. e4 c5 2. Nf3 d6 3. Bb5+ Nc6 4. O-O Bd7 5. Re1 Nf6 6. c3 a6 7. Bxc6 Bxc6 8. e5 Nd5 9. d4 e6 10. Nbd2 cxd4 11. cxd4 dxe5 12. dxe5 Nf4 13. Nc4 Nd3 14. Nd6+ Bxd6 15. Qxd3 Bb4 16. Rd1 O-O 17. Bg5 Qxd3 18. Rxd3 h6 19. Be3 Rfd8 20. Rad1 Rxd3 21. Rxd3 Rc8 22. Bb6 Bd5 23. a3 Rc1+ 0-1


[Site "https://www.chess.com"]

[Event "Titled Tuesday Blitz August 09 Late 2022"]
[White "Mcconnell, Sullivan"]
[Black "Rustemov, Alexander"]
[WhiteFideId "30934885"]
[BlackFideId "4119002"]
[WhiteElo "2637"]
[BlackElo "2781"]
[Result "0-1"]
[Round "11"]
[TimeControl "180+1"]
[Date "2022.08.09"]
[WhiteClock "0:01:00"]
[BlackClock "0:00:44"]

1. e4 e6 2. Nf3 d5 3. e5 c5 4. g3 Nc6 5. Bg2 Qc7 6. O-O Nxe5 7. Nxe5 Qxe5 8. Re1 Qd6 9. d4 Nf6 10. c4 dxc4 11. d5 Be7 12. Bf4 Qa6 13. d6 Bd8 14. Na3 O-O 15. Rc1 c3 16. Rxc3 Ba5 17. Rxc5 Bxe1 18. Qxe1 Bd7 19. Rc7 Bc6 20. Bf1 Qa4 21. Bd3 Nd5 22. Bc2 Qb4 23. Qxb4 Nxb4 24. Bb3 Na6 25. Nc4 Nxc7 26. dxc7 Bd5 27. Nd6 Bxb3 28. axb3 f6 29. b4 e5 30. Bd2 Rfc8 31. Nxc8 Rxc8 32. Be3 b6 33. Bd2 Rxc7 34. Bc3 Kf7 35. f3 Ke6 36. Kf2 Kd5 37. Ke3 Rxc3+ 38. bxc3 Kc4 39. Kd2 a5 40. bxa5 bxa5 41. Kc2 f5 42. g4 fxg4 43. fxg4 e4 44. h4 a4 45. g5 g6 46. h5 gxh5 47. g6 hxg6 48. Kb2 e3 49. Kc2 a3 50. Kb1 e2 51. Kc2 a2 0-1


[Site "https://www.chess.com"]

[Event "Titled Tuesday Blitz August 09 Late 2022"]
[White "Miszler, Levente"]
[Black "Yedidia, Daniel"]
[WhiteFideId "763276"]
[BlackFideId "30905907"]
[WhiteElo "1966"]
[BlackElo "2558"]
[Result "1-0"]
[Round "11"]
[TimeControl "180+1"]
[Date "2022.08.09"]
[WhiteClock "0:01:12"]
[BlackClock "0:00:07"]

1. Nf3 Nf6 2. c4 e6 3. g3 b6 4. Bg2 Bb7 5. O-O c5 6. Nc3 d6 7. d4 cxd4 8. Qxd4 Be7 9. Rd1 a6 10. e4 Nc6 11. Qd2 Qc7 12. b3 O-O 13. Bb2 Rfd8 14. Nd4 Nd7 15. Rac1 Nxd4 16. Qxd4 Bf6 17. Qd2 Ne5 18. Ne2 h6 19. h3 Rac8 20. f4 Nd7 21. Bxf6 Nxf6 22. Nc3 b5 23. cxb5 axb5 24. Nd5 exd5 25. Rxc7 Rxc7 26. e5 dxe5 27. fxe5 Nd7 28. Qa5 Rdc8 29. Bxd5 Rc1 30. Rxc1 Rxc1+ 31. Kf2 Rc2+ 32. Ke1 Bxd5 33. Qd8+ Nf8 34. Qxd5 Rxa2 35. Qxb5 Ne6 36. Qe8+ Nf8 37. b4 Rb2 38. b5 g6 39. Qc6 Ne6 40. b6 Nd4 41. Qc8+ Kg7 42. b7 Nf3+ 43. Kd1 Nxe5 44. b8=Q Rxb8 45. Qxb8 1-0


[Site "https://www.chess.com"]

[Event "Titled Tuesday Blitz August 09 Late 2022"]
[White "Nakamura, Hikaru"]
[Black "Bortnyk, Olexandr"]
[WhiteFideId "2016192"]
[BlackFideId "14120828"]
[WhiteElo "2850"]
[BlackElo "2723"]
[Result "0-1"]
[Round "11"]
[TimeControl "180+1"]
[Date "2022.08.09"]
[WhiteClock "0:00:58"]
[BlackClock "0:00:37"]

1. e4 Nf6 2. Qe2 d6 3. d4 e5 4. c3 Be7 5. g3 O-O 6. Bg2 b6 7. Nf3 Ba6 8. c4 Nc6 9. d5 Nd4 10. Qd3 Nd7 11. Nbd2 Nc5 12. Qb1 b5 13. b4 bxc4 14. Nxd4 Nd3+ 15. Qxd3 cxd3 16. Nc6 Qd7 17. O-O Bb5 18. Na5 c5 19. dxc6 Bxc6 20. Ndc4 Bb5 21. Ne3 d2 22. Bxd2 Bxf1 23. Bxf1 Bg5 24. b5 Rfc8 25. Rd1 Bxe3 26. Bxe3 Rc2 27. a4 Rac8 28. h3 h5 29. h4 Qg4 30. Rxd6 Rc1 31. Nc6 Ra1 32. Ne7+ Kh7 33. Kg2 Qxe4+ 34. Kg1 Qb1 0-1


[Site "https://www.chess.com"]

[Event "Titled Tuesday Blitz August 09 Late 2022"]
[White "Pakleza, Zbigniew"]
[Black "Wagner, Dennis"]
[WhiteFideId "1119290"]
[BlackFideId "24650684"]
[WhiteElo "2411"]
[BlackElo "2355"]
[Result "0-1"]
[Round "11"]
[TimeControl "180+1"]
[Date "2022.08.09"]
[WhiteClock "0:00:03"]
[BlackClock "0:00:09"]

1. d4 Nf6 2. Nf3 d5 3. Bf4 e6 4. e3 Bd6 5. Bg3 O-O 6. Nbd2 c5 7. c3 Qc7 8. Ne5 Nc6 9. f4 Ne4 10. Nxe4 dxe4 11. Nc4 cxd4 12. cxd4 Ne7 13. a3 Nf5 14. Bf2 Be7 15. g4 Nh4 16. Be2 Bd7 17. Rc1 Bb5 18. O-O Qd8 19. Bxh4 Bxh4 20. Qb3 Bc6 21. g5 Bd5 22. Kh1 Rc8 23. Qb4 f6 24. gxf6 Bxf6 25. Qd6 Qe8 26. Ne5 Be7 27. Qd7 Qxd7 28. Nxd7 Rfd8 29. Ne5 Bd6 30. Kg2 Kf8 31. Nc4 Bb8 32. Kf2 Ke7 33. Nd2 g5 34. fxg5 Rxc1 35. Rxc1 Rg8 36. h4 h6 37. Rg1 hxg5 38. Rxg5 Rf8+ 39. Ke1 Rh8 40. h5 Kf6 41. Rg6+ Kf7 42. Rg1 Bc7 43. Nf1 Ba5+ 44. Kf2 Ke7 45. Ng3 Rf8+ 46. Kg2 Bd2 47. Nf1 Bc1 48. Rh1 Bxb2 49. a4 Rg8+ 50. Kf2 Rf8+ 51. Kg2 Ba3 52. h6 Rg8+ 53. Kf2 Kf6 54. Ng3 Kg6 55. Nh5 Rf8+ 56. Nf4+ Kh7 57. Kg3 Rf6 58. Bg4 Bd6 59. Rb1 Rxh6 60. a5 Rf6 61. Rb2 Rf7 62. Kh4 Bxf4 63. exf4 Rxf4 64. Kg5 Rf7 65. Bh5 Rf5+ 66. Kh4 Kh6 67. Bg4 Rf4 68. Kg3 Kg5 69. Bh3 Rf3+ 70. Kh2 e3 71. Rg2+ Kf4 72. Rg4+ Kf5 73. Rg8+ Kf6 74. Rf8+ Ke7 75. Rxf3 Bxf3 76. Kg3 e2 77. Kf2 Kd6 78. Ke1 Kd5 79. Kd2 b6 80. a6 Kxd4 81. Bxe6 b5 82. Bd7 Kc5 83. Bf5 Kb6 84. Be4 Bxe4 0-1


[Site "https://www.chess.com"]

[Event "Titled Tuesday Blitz August 09 Late 2022"]
[White "Papasimakopoulos, Alexandros"]
[Black "Zhigalko, Sergei"]
[WhiteFideId "4244125"]
[BlackFideId "13502956"]
[WhiteElo "2357"]
[BlackElo "2662"]
[Result "1-0"]
[Round "11"]
[TimeControl "180+1"]
[Date "2022.08.09"]
[WhiteClock "0:00:15"]
[BlackClock "0:00:06"]

1. d4 Nf6 2. c4 e6 3. Nc3 Bb4 4. Qc2 O-O 5. a3 Bxc3+ 6. Qxc3 d6 7. f3 e5 8. d5 e4 9. Bg5 Nbd7 10. e3 c6 11. dxc6 bxc6 12. O-O-O d5 13. fxe4 Qb6 14. Bxf6 Nxf6 15. exd5 cxd5 16. c5 Qc7 17. Bd3 Ng4 18. Nh3 Re8 19. Rhe1 Qxh2 20. Nf4 Rxe3 21. Nxd5 Rxe1 22. Rxe1 Be6 23. Be4 Rd8 24. c6 Qd6 25. Rd1 Kf8 26. Bf3 Ne5 27. c7 Rc8 28. Be4 f5 29. Rf1 Bxd5 30. Rxf5+ Bf7 31. Qxe5 Rxc7+ 32. Bc2 Qxe5 33. Rxe5 Bg6 34. Re2 h5 35. Kd1 Bf7 36. Rf2 Ke7 37. b4 Be6 38. Kd2 g5 39. Bf5 Kd6 40. Bxe6 Kxe6 41. Kd3 Ke5 42. a4 h4 43. b5 g4 44. Rf8 Rd7+ 45. Kc4 Rd2 46. Rh8 Kf4 47. Rxh4 Rxg2 48. Rh7 Rc2+ 49. Kb3 Rc1 50. Rxa7 g3 51. Rg7 Kf3 52. a5 Rb1+ 53. Kc4 Rc1+ 54. Kd5 Rd1+ 55. Kc6 Rc1+ 56. Kb7 g2 57. a6 g1=Q 58. Rxg1 Rxg1 59. a7 Rg7+ 60. Ka6 Rg8 61. b6 Ke4 62. b7 Rg6+ 63. Kb5 Rg5+ 64. Kc4 Rg1 65. a8=Q Rc1+ 66. Kb5 Kd4 67. b8=Q Rb1+ 68. Kc6 Rxb8 69. Qxb8 Ke3 70. Qd6 1-0


[Site "https://www.chess.com"]

[Event "Titled Tuesday Blitz August 09 Late 2022"]
[White "Pulpan, Jakub"]
[Black "Pham, Khoi"]
[WhiteFideId "302759"]
[BlackFideId "1054988"]
[WhiteElo "2451"]
[BlackElo "2373"]
[Result "1-0"]
[Round "11"]
[TimeControl "180+1"]
[Date "2022.08.09"]
[WhiteClock "0:02:42"]
[BlackClock "0:01:37"]

1. Nf3 f5 2. d3 Nc6 3. d4 e6 4. c4 Nf6 5. Nc3 Be7 6. d5 Nb8 7. e3 O-O 8. Be2 b6 9. O-O Na6 10. Nd4 Nc5 11. Bf3 Bb7 12. dxe6 Bxf3 13. Qxf3 dxe6 14. b4 Nfe4 15. bxc5 Nxc3 16. Nxe6 Qd3 17. Nxf8 Ne2+ 18. Kh1 Ng3+ 19. fxg3 Qxf1+ 20. Qxf1 1-0


[Site "https://www.chess.com"]

[Event "Titled Tuesday Blitz August 09 Late 2022"]
[White "Roman, Rodrigo"]
[Black "Navarrete Mendez, Gonzalo Alberto"]
[WhiteFideId "3701220"]
[BlackFideId "5106850"]
[WhiteElo "2001"]
[BlackElo "2261"]
[Result "0-1"]
[Round "11"]
[TimeControl "180+1"]
[Date "2022.08.09"]
[WhiteClock "0:00:16"]
[BlackClock "0:01:00"]

1. e4 e5 2. Nf3 Nc6 3. Bc4 Nf6 4. d3 Be7 5. O-O O-O 6. c3 d5 7. exd5 Nxd5 8. Re1 Bg4 9. h3 Bh5 10. g4 Bg6 11. Nxe5 Nxe5 12. Rxe5 c6 13. d4 Bd6 14. Re1 Qh4 15. Qf3 Kh8 16. Bxd5 cxd5 17. Bf4 Bxf4 18. Qxf4 f5 19. Qg3 Qf6 20. g5 Qb6 21. Nd2 f4 22. Qf3 Qxb2 23. Rad1 Rad8 24. Re7 Qc2 25. h4 Rf7 26. Rxf7 Bxf7 27. Nf1 Bg6 28. Re1 Be4 29. Qxf4 Qxc3 30. Qe3 Qc8 31. Ng3 Qg4 32. h5 Rf8 33. Kf1 Rf3 34. Qd2 Qxg3 35. Rxe4 dxe4 36. d5 Qh3+ 37. Ke2 Rd3 38. Qf4 Qf3+ 39. Qxf3 Rxf3 40. d6 Rd3 41. f3 Rxd6 42. fxe4 Ra6 43. Ke3 Rxa2 44. Kf4 Re2 45. g6 hxg6 46. hxg6 Kg8 47. Kf5 Kf8 48. e5 Ke7 49. Kg5 Rxe5+ 50. Kf4 Kf6 51. Kg4 a5 52. Kf4 a4 53. Kg4 a3 54. Kf4 a2 55. Kg4 a1=Q 56. Kf4 Qa4+ 57. Kf3 Rb5 58. Kg2 Rb3 59. Kf1 Qa2 0-1


[Site "https://www.chess.com"]

[Event "Titled Tuesday Blitz August 09 Late 2022"]
[White "Rosen, Eric"]
[Black "Kopczynski, Michal"]
[WhiteFideId "2032562"]
[BlackFideId "1124200"]
[WhiteElo "2362"]
[BlackElo "2235"]
[Result "1-0"]
[Round "11"]
[TimeControl "180+1"]
[Date "2022.08.09"]
[WhiteClock "0:00:18"]
[BlackClock "0:00:03"]

1. d4 Nf6 2. Bf4 g6 3. Nc3 Bg7 4. e4 d6 5. Qd2 O-O 6. O-O-O c6 7. Bh6 b5 8. f3 b4 9. Nce2 Qa5 10. Kb1 Be6 11. Nc1 Nbd7 12. h4 Nb6 13. h5 Na4 14. Nb3 Bxb3 15. cxb3 Nb6 16. g4 Nbd7 17. Bc4 d5 18. Bxg7 Kxg7 19. hxg6 dxc4 20. Qh6+ Kg8 21. g5 cxb3 22. axb3 fxg6 23. gxf6 Nxf6 24. Ne2 Rf7 25. Rdg1 Rg7 26. e5 Nd5 27. Rxg6 hxg6 28. Qh8+ Kf7 29. Qxa8 Qb5 30. Nc1 Nc7 31. Qc8 Ne6 32. Rh8 c5 33. d5 Nf4 34. Qf8# 1-0


[Site "https://www.chess.com"]

[Event "Titled Tuesday Blitz August 09 Late 2022"]
[White "Shimanov, Aleksandr"]
[Black "Alekseenko, Kirill"]
[WhiteFideId "4198603"]
[BlackFideId "4135539"]
[WhiteElo "2605"]
[BlackElo "2682"]
[Result "0-1"]
[Round "11"]
[TimeControl "180+1"]
[Date "2022.08.09"]
[WhiteClock "0:00:01"]
[BlackClock "0:00:18"]

1. e4 e5 2. Nf3 Nc6 3. Nc3 Nf6 4. h3 Bb4 5. Nd5 O-O 6. c3 Be7 7. d3 d6 8. Nxe7+ Nxe7 9. g3 h6 10. Bg2 Nh7 11. Nh4 c6 12. O-O g5 13. f4 gxh4 14. f5 hxg3 15. Bxh6 Kh8 16. Qh5 f6 17. Rf3 Rg8 18. Re1 d5 19. Ree3 dxe4 20. Rxe4 Bxf5 21. Rxf5 Nxf5 22. Qxf5 Qxd3 23. Qf1 Qxf1+ 24. Kxf1 Rad8 25. Ke2 Rge8 26. Rh4 f5 27. Be3 Kg7 28. Bxa7 Nf6 29. Be3 f4 30. Bc1 Rh8 31. Rxh8 Rxh8 32. a4 Kg6 0-1


[Site "https://www.chess.com"]

[Event "Titled Tuesday Blitz August 09 Late 2022"]
[White "Silva Lucena, Cristian"]
[Black "Guz, Ari"]
[WhiteFideId "2232588"]
[BlackFideId "2825759"]
[WhiteElo "2223"]
[BlackElo "1913"]
[Result "0-1"]
[Round "11"]
[TimeControl "180+1"]
[Date "2022.08.09"]
[WhiteClock "0:00:23"]
[BlackClock "0:00:23"]

1. e4 a5 2. d4 a4 3. Nc3 a3 4. bxa3 e5 5. dxe5 Bxa3 6. Bxa3 Rxa3 7. Qd2 Nc6 8. Nf3 Nge7 9. Bc4 O-O 10. O-O Ng6 11. Bb3 Ncxe5 12. Nxe5 Nxe5 13. f4 Nc6 14. Rad1 d6 15. h3 Be6 16. Rf3 Bxb3 17. axb3 Re8 18. Rg3 Ra5 19. Re1 Kh8 20. Nd5 f6 21. b4 Ra8 22. b5 Ne7 23. Ne3 Qd7 24. c4 Ng6 25. Nf5 Rxe4 26. Rxe4 Qxf5 27. Qe3 h5 28. Rf3 Ra1+ 29. Kh2 Kh7 30. Re8 Ra2 31. Qe6 Qxe6 32. Rxe6 Nh4 33. Rg3 Nf5 34. Rd3 h4 35. Re8 Rc2 36. b6 cxb6 37. Rb8 Rxc4 38. Rxb7 Rb4 39. Rd5 Kg6 40. Kg1 Ng3 41. Rxd6 Rb1+ 0-1


[Site "https://www.chess.com"]

[Event "Titled Tuesday Blitz August 09 Late 2022"]
[White "Souleidis, Georgios"]
[Black "Melaugh, Shane"]
[WhiteFideId "4206827"]
[BlackFideId "2509580"]
[WhiteElo "2401"]
[BlackElo "1946"]
[Result "1/2-1/2"]
[Round "11"]
[TimeControl "180+1"]
[Date "2022.08.09"]
[WhiteClock "0:00:22"]
[BlackClock "0:00:09"]

1. e4 e6 2. d4 d5 3. exd5 exd5 4. Nf3 c6 5. Bd3 Bd6 6. c3 Ne7 7. Qc2 Bg4 8. Nbd2 Nd7 9. h3 Bh5 10. b4 Nf6 11. a4 Bg6 12. O-O O-O 13. Re1 Bxd3 14. Qxd3 Ng6 15. Ne5 Re8 16. Ndf3 Ne4 17. Nxg6 hxg6 18. Rb1 Bc7 19. c4 Nf6 20. Rxe8+ Qxe8 21. c5 a6 22. Bg5 Ne4 23. Be3 Qe6 24. b5 axb5 25. axb5 Re8 26. bxc6 bxc6 27. Rb7 Bd8 28. Rb8 Bf6 29. Rxe8+ Qxe8 30. Qa6 Nc3 31. Qd3 Nb5 32. Bf4 Qe4 33. Qxe4 dxe4 34. Nd2 Nxd4 35. Kf1 Ne6 36. Be3 Bd4 37. Bxd4 Nxd4 38. Nxe4 Ne6 39. g4 f5 40. gxf5 gxf5 41. Nd6 g6 42. Nb7 Kf7 43. h4 Kf6 44. Na5 Nd4 45. f4 Ke6 46. Kf2 Kd5 47. Ke3 Kxc5 48. Nb7+ Kd5 49. Nd8 Ne6 50. Nf7 c5 51. Ne5 Nf8 52. Kd3 Ne6 53. Ke3 Nf8 54. Kd3 Ne6 55. Ke3 1/2-1/2


[Site "https://www.chess.com"]

[Event "Titled Tuesday Blitz August 09 Late 2022"]
[White "Tomaszewski, Kacper"]
[Black "Averjanov, Alexey"]
[WhiteFideId "1127373"]
[BlackFideId "14109867"]
[WhiteElo "2133"]
[BlackElo "2621"]
[Result "1/2-1/2"]
[Round "11"]
[TimeControl "180+1"]
[Date "2022.08.09"]
[WhiteClock "0:00:22"]
[BlackClock "0:01:19"]

1. e4 c6 2. d4 d5 3. exd5 cxd5 4. Nf3 Nf6 5. c3 Bg4 6. Qb3 Qc8 7. Ne5 Bf5 8. Bb5+ Nbd7 9. Nd2 a6 10. Be2 e6 11. Ndf3 Be7 12. O-O O-O 13. Bf4 h6 14. h3 Nxe5 15. dxe5 Ne4 16. Qd1 b5 17. Nd4 Bg6 18. f3 Nc5 19. Be3 Qb7 20. f4 Be4 21. f5 exf5 22. Nxf5 Ne6 23. Bd3 Rad8 24. Bxe4 dxe4 25. Qg4 Bg5 26. Bxg5 hxg5 27. h4 gxh4 28. Nh6+ Kh7 29. Nxf7 Rxf7 30. Qxe6 Rdf8 31. Rxf7 Rxf7 32. Qg4 Qb6+ 33. Kh2 Qe3 34. Qxh4+ Kg8 35. Re1 Qf2 36. Qxf2 Rxf2 37. Rxe4 Rxb2 38. a4 Rc2 39. e6 Kf8 40. axb5 axb5 41. Re3 Ke7 42. Kg3 Rb2 43. Kf3 b4 44. cxb4 Rxb4 45. g3 Rb6 46. Kf4 Rxe6 47. Rxe6+ Kxe6 48. Kg5 Kf7 49. Kf5 Kf8 50. Kg6 Kg8 51. g4 Kh8 52. Kf7 g5 53. Kg6 Kg8 54. Kxg5 Kg7 55. Kf5 Kf7 56. Kg5 Kg7 57. Kh5 Kh7 58. g5 Kg7 59. g6 Kg8 60. Kh6 Kh8 61. g7+ Kg8 62. Kg6 1/2-1/2


[Site "https://www.chess.com"]